 Dungeon Crawl Stone Soup version 0.30-a0-738-g116ff8c4af (webtiles) character file.

Game seed: 5114187433931416010

37470 Leeroy the Protected (level 13, -1/67 HPs)
             Began as a Vine Stalker Warper on Feb 3, 2023.
             Was a High Priest of Wu Jian.
             Slain by a death yak (9 damage)
             ... on level 4 of the Lair of Beasts.
             The game lasted 00:27:25 (11693 turns).

Leeroy the Protected (Vine Stalker Warper)         Turns: 11693, Time: 00:27:25

Health: -1/67      AC: 22    Str: 14    XL:     13   Next: 96%
Magic:  0/23       EV: 12    Int: 13    God:    Wu Jian [*****.]
Gold:   1167       SH:  0    Dex: 19    Spells: 15/24 levels left

rFire   x . .      SeeInvis .    n - +1 great sword (spect)
rCold   + + .      Faith    +    (shield currently unavailable)
rNeg    . . .      Spirit   +    i - +0 ice dragon scales
rPois   +          Reflect  .    V - +1 hat {Stlth+}
rElec   .          Harm     .    Q - +2 cloak {rCorr}
rCorr   +          Rampage  .    M - +0 pair of gloves
Will    ++...                    k - +0 pair of boots
Stlth   +                        v - amulet of faith
HPRegen 1.11/turn                p - ring of poison resistance
MPRegen 0.18/turn                Z - ring of willpower

@: no status effects
A: fangs 3, regeneration 1, magic shield, antimagic bite, no potion heal 2
a: Renounce Religion, Wall Jump, Serpent's Lash, Heavenly Storm


You were on level 4 of the Lair of Beasts.
You worshipped Wu Jian.
Wu Jian was extremely pleased with you.
You visited 3 branches of the dungeon, and saw 15 of its levels.
You also visited: Ossuary and Ice Cave.

You collected 1167 gold pieces.

Inventory:

Hand Weapons
 b - a +2 dagger of distortion
 n - a +1 spectral great sword (weapon)
 y - the +6 spear of Eternal War {freeze, rN+}
   (You found it on level 3 of the Dungeon)

   rN:        It protects you from negative energy.
 H - a +2 falchion of draining
 J - a +2 dagger of electrocution
 O - a +2 heavy long sword
Missiles
 d - 8 boomerangs of dispersal
 h - 2 curare-tipped darts (quivered)
 j - 3 javelins
 B - 29 poisoned darts
 I - 4 boomerangs
Armour
 i - +0 ice dragon scales (worn)
 k - a +0 pair of boots (worn)
 s - the +8 chain mail "Puulohypt" {rC+}
   (You found it on level 2 of the Dungeon)

   rC:        It protects you from cold.
 C - a +1 leather armour of resistance
 M - a +0 pair of gloves (worn)
 P - +1 acid dragon scales
 Q - a +2 cloak of preservation (worn)
 U - a +1 helmet
 V - a +1 hat of stealth (worn)
 X - a scarf of resistance
Jewellery
 p - a ring of poison resistance (left hand)
 v - an amulet of faith (around neck)
 L - an amulet of magic regeneration
 W - an amulet of the acrobat
 Y - a ring of protection from cold
 Z - a ring of willpower (right hand)
Wands
 c - a wand of flame (22)
 D - a wand of roots (31)
 G - a wand of digging (21)
 N - a wand of paralysis (1)
Scrolls
 e - 3 scrolls of fear
 g - 8 scrolls of teleportation
 t - 5 scrolls of poison
 u - 2 scrolls of butterflies
 x - a scroll of fog
Potions
 f - 2 potions of degeneration {unknown}
 l - 3 potions of might {unknown}
 m - 5 potions of curing
 o - 4 potions of brilliance {unknown}
 q - 4 potions of invisibility {unknown}
 r - 3 potions of berserk rage {unknown}
 w - 6 potions of flight {unknown}
 z - 3 potions of attraction {unknown}
 A - 6 potions of mutation {unknown}
 E - 12 potions of lignification
 F - 2 potions of haste {unknown}
 K - a potion of ambrosia {unknown}
 R - a potion of resistance {unknown}
 S - a potion of heal wounds {unknown}
Miscellaneous
 a - a box of beasts (inert)
 T - a phantom mirror


   Skills:
 - Level 7.2 Fighting
 + Level 12.8 Long Blades
 - Level 0.8 Throwing
 - Level 13.0 Armour
 - Level 6.0 Dodging
 - Level 6.4 Spellcasting
 - Level 3.0 Translocations


You had 15 spell levels left.
You knew the following spells:

 Your Spells              Type           Power      Damage    Failure   Level
a - Blink                 Tloc           22%        N/A       26%         2
b - Vhi's Electric Charg  Tloc/Air       16%        N/A       67%         3
c - Manifold Assault      Tloc           11%        N/A       86%         4

Your spell library contained the following spells:

 Spells                   Type           Power      Damage    Failure   Level
 Lesser Beckoning         Tloc           22%        N/A       26%         2
 Momentum Strike          Conj/Tloc      16%        3d8       43%         2
 Gell's Gravitas          Tloc           11%        N/A       45%         3
 Teleport Other           Tloc           11%        N/A       45%         3
 Beastly Appendage        Tmut           8%         N/A       52%         1
 Summon Small Mammal      Summ           16%        N/A       52%         1
 Cigotuvi's Dreadful Rot  Necr/Pois/Air  8%         N/A       65%         2
 Poisonous Vapours        Pois/Air       8%         N/A       65%         2
 Sublimation of Blood     Necr           4%         N/A       65%         2
 Wereblood                Tmut           4%         N/A       65%         2
 Call Canine Familiar     Summ           4%         N/A       87%         3
 Hailstorm                Conj/Ice       4%         3d4       87%         3
 Mephitic Cloud           Conj/Pois/Air  4%         N/A       87%         3
 Spider Form              Tmut/Pois      4%         N/A       87%         3
 Summon Guardian Golem    Hex/Summ       4%         N/A       87%         3
 Animate Dead             Necr           4%         N/A       99%         4
 Ice Form                 Ice/Tmut       4%         N/A       99%         4
 Summon Ice Beast         Ice/Summ       4%         N/A       99%         4
 Summon Mana Viper        Hex/Summ       4%         N/A       100%        5
 Death Channel            Necr           2%         N/A       100%        6
 Monstrous Menagerie      Summ           2%         N/A       100%        7
 Chain Lightning          Conj/Air       2%         3d2       100%        9
 Fire Storm               Conj/Fire      2%         8d1       100%        9
 Shatter                  Erth           2%         3d6*      100%        9


Dungeon Overview and Level Annotations

Branches:
Dungeon (10/15)            Temple (1/1) D:4            Lair (4/5) D:9
 Shoals (0/4) Lair:2        Snake (0/4) Lair:3          Orc (0/2) D:9
Ossuary (visited)           IceCv (visited)
  Slime: Lair:4-5

Altars:
Ashenzari
Cheibriados
Dithmenos
Elyvilon
Fedhas
Gozag
Hepliaklqana
Kikubaaqudgha
Makhleb
Nemelex Xobeh
Okawaru
Qazlal
Ru
Sif Muna
Trog
Uskayaw
Vehumet
Wu Jian
Yredelemnul
Zin
The Shining One

Shops:
D:3 !   D:4 :

Annotations:
D:10 Amaemon
Lair:3 exclusion: oklob plant


Innate Abilities, Weirdness & Mutations

You have razor-sharp teeth.
Your natural rate of healing is unusually fast.
When hurt, damage is shared between your health and your magic reserves.
Your bite disrupts and absorbs the magic of your enemies.
Potions cannot restore your health.


Message History

The death yak completely misses you.
You barely miss the death yak. You bite the death yak! You drain its power.
You feel invigorated.
The death yak is lightly wounded.
The death yak gores you! The death yak gores you!!
You slash the death yak!
You bite the death yak, but do no damage.
The death yak is lightly wounded.
Your +1 spectral great sword hits the death yak!
The death yak snorts and paws the ground.
The death yak gores you.
The death yak gores you but does no damage.
You hit the death yak. Your bite misses the death yak.
The death yak is moderately wounded.
Your +1 spectral great sword hits the death yak!
The death yak gores you but does no damage.
The death yak gores you!
* * * LOW HITPOINT WARNING * * *
You slash the death yak! You bite the death yak. You drain its power.
You feel invigorated.
The death yak is severely wounded.
Your +1 spectral great sword hits the death yak!
The death yak gores your +1 spectral great sword!
Your spectral weapon shares its damage with you!
* * * LOW HITPOINT WARNING * * *
The death yak gores you!
* * * LOW HITPOINT WARNING * * *
You slash the death yak!
You kill the death yak!
The Council accepts your kill. The death yak gores you!
* * * LOW HITPOINT WARNING * * *
You slash the death yak! You bite the death yak. You drain its power.
You feel invigorated.
The death yak is moderately wounded.
The death yak closely misses you.
You slash the death yak! Your bite misses the death yak.
The death yak is heavily wounded.
The death yak gores you!!
You die...

### ..# ..
#########P#### ... #.
###P..#.##..P#.### #..
#. #P#..............#.
#..#.#
##..................
.##..#..
#...########.######.
........ ##...#
YY.#....### .#..P#..
#P.††##...Y.###....###
.......< ##.......#
#@.....# ........
#...#..##[...Y#.#####
........
##..##.##..[....#
.....#.#.#. #..#
.######.###
##...##.###. #..# . ..
#....#P.##.. ##.# .
..# #......##.. ###
..... #..#P..###. .###
#####.#..$.(#...
.###.........[...<.


You could see a death yak.

Vanquished Creatures
  Gastronok (Lair:1)
  A reaper (IceCv)
  A hydra (Lair:4)
  A boulder beetle (Lair:3)
  11 death yaks
  A deep elf pyromancer (D:8)
  A cyclops (D:8)
  5 black mambas
  Maurice (D:9)
  2 ice statues (IceCv)
  11 cane toads
  A guardian serpent (Lair:3)
  Maggie (D:7)
  A kobold demonologist (D:8)
  Psyche (D:9)
  6 ice devils (IceCv)
  6 komodo dragons
  2 polar bears
  A hornet (D:9)
  18 blink frogs
  3 wyverns
  33 yaks
  Grum (D:9)
  A basilisk (Lair:1)
  2 steam dragons (D:9)
  A death yak simulacrum (IceCv)
  A vampire mosquito (D:8)
  2 harpy simulacra (IceCv)
  An acid dragon (D:8)
  A hydra simulacrum (IceCv)
  11 water moccasins
  A black bear (D:6)
  An ice beast (D:5)
  4 centaurs
  15 wolves
  A phantom (D:5)
  15 bullfrogs
  4 kobold brigands
  A bullfrog (shapeshifter) (D:8)
  A gnoll sergeant (D:8)
  3 necrophages
  3 cane toad simulacra (IceCv)
  A two-headed ogre simulacrum (IceCv)
  3 water moccasin zombies (Ossuary)
  10 wights (D:8)
  11 killer bees
  An elephant simulacrum (IceCv)
  5 howler monkeys
  3 hounds
  8 orc priests
  A gnoll bouda (D:6)
  A jelly (D:8)
  3 iguanas
  10 orc wizards
  3 troll simulacra (IceCv)
  A polar bear simulacrum (IceCv)
  4 spriggan simulacra (IceCv)
  A wolf simulacrum (IceCv)
  2 mummies (Ossuary)
  3 gnolls (D:6)
  8 adders
  2 naga simulacra (IceCv)
  A shadow imp (D:8)
  5 white imps
  4 ufetubi
  9 adder zombies (Ossuary)
  2 worms
  2 dart slugs
  46 orcs
  5 ball pythons
  7 endoplasms
  4 giant cockroaches
  8 gnoll zombies (Ossuary)
  A goblin (D:2)
  5 hobgoblins
  13 jackals
  A quokka (D:2)
  3 bats
  A frilled lizard (D:1)
  6 hobgoblin zombies (Ossuary)
  18 kobolds
  A kobold zombie (Ossuary)
  7 orc zombies (Ossuary)
  6 rats
415 creatures vanquished.

Vanquished Creatures (others)
  4 fungi
  11 plants
15 creatures vanquished.

Grand Total: 430 creatures vanquished

Notes
Turn   | Place    | Note
-------+----------+-------------------------------------------
     0 | D:1      | Leeroy the Vine Stalker Warper began the quest for the Orb.
     0 | D:1      | Reached XP level 1. HP: 11/11 MP: 4/4
    15 | D:1      | Got the Meditations on the Dead and the Iceberg
   203 | D:1      | Reached XP level 2. HP: 12/15 MP: 6/6
   477 | D:1      | Learned a level 2 spell: Blink
   564 | D:1      | Reached XP level 3. HP: 16/18 MP: 5/7
  1231 | D:2      | Identified the +8 chain mail "Puulohypt" {rC+}
  1381 | D:3      | Found Kufepy's Distillery.
  1412 | D:3      | Learned a level 3 spell: Vhi's Electric Charge
  1498 | D:3      | Gained mutation: Your natural rate of healing is unusually
                  | fast. [Vine Stalker growth]
  1498 | D:3      | Reached XP level 4. HP: 22/23 MP: 8/8
  1695 | D:3      | Identified the +6 spear of Eternal War {freeze, rN+}
  2202 | D:4      | Reached skill level 1 in Armour
  2349 | D:4      | Reached skill level 2 in Armour
  2349 | D:4      | Reached XP level 5. HP: 26/26 MP: 9/9
  2528 | D:4      | Found a staircase to the Ecumenical Temple.
  2562 | D:4      | Reached skill level 3 in Armour
  2600 | Temple   | Entered the Ecumenical Temple
  2804 | Temple   | Became a worshipper of the Wu Jian Council
  2860 | D:4      | Found Gehosom's Book Shoppe.
  2862 | D:4      | Reached XP level 6. HP: 30/30 MP: 10/10
  2966 | D:4      | Learned a level 4 spell: Manifold Assault
  2967 | D:5      | Entered Level 5 of the Dungeon
  3067 | D:5      | Noticed an ice beast
  3074 | D:5      | Killed an ice beast
  3075 | D:5      | Reached skill level 4 in Armour
  3100 | D:5      | Found a blossoming altar of Fedhas.
  3114 | D:5      | Reached XP level 7. HP: 32/34 MP: 11/11
  3135 | D:5      | Reached skill level 5 in Armour
  3375 | D:5      | Reached * piety under Wu Jian
  3658 | D:6      | Reached skill level 6 in Armour
  3716 | D:6      | Gained mutation: You have razor-sharp teeth. [Vine Stalker
                  | growth]
  3716 | D:6      | Reached XP level 8. HP: 29/38 MP: 7/12
  3737 | D:6      | Reached skill level 7 in Armour
  3751 | D:6      | Found an iron altar of Okawaru.
  4467 | D:7      | Reached skill level 8 in Armour
  4631 | D:7      | Noticed Maggie
  4642 | D:7      | Paralysed by Maggie for 5 turns
  4649 | D:7      | Paralysed by Maggie for 5 turns
  4658 | D:7      | Paralysed by Maggie for 2 turns
  4660 | D:7      | Killed Maggie
  4661 | D:7      | Reached XP level 9. HP: 36/42 MP: 10/13
  4668 | D:7      | Reached skill level 9 in Armour
  4738 | D:7      | Reached ** piety under Wu Jian
  4754 | D:7      | Reached skill level 10 in Armour
  5212 | D:8      | Noticed a deep elf pyromancer
  5212 | D:8      | Noticed a cyclops
  5214 | D:8      | Noticed a kobold demonologist
  5218 | D:8      | Killed a deep elf pyromancer
  5223 | D:8      | Reached XP level 10. HP: 25/49 MP: 16/18
  5229 | D:8      | Killed a cyclops
  5230 | D:8      | Reached skill level 5 in Spellcasting
  5257 | D:8      | Killed a kobold demonologist
  5351 | D:8      | Reached skill level 5 in Fighting
  5568 | D:8      | Found a sand-covered staircase.
  5576 | Ossuary  | Entered an ossuary
  5635 | Ossuary  | Reached *** piety under Wu Jian
  6405 | D:8      | Reached **** piety under Wu Jian
  6862 | D:9      | Reached skill level 5 in Long Blades
  6920 | D:9      | Noticed Grum
  6925 | D:9      | Killed Grum
  6926 | D:9      | Reached XP level 11. HP: 53/58 MP: 17/21
  7101 | D:9      | Found a shadowy altar of Dithmenos.
  7132 | D:9      | Noticed Maurice
  7171 | D:9      | HP: 2/58 [something (1)]
  7176 | D:9      | HP: 1/58 [Maurice/+2 dagger of electrocution (5)]
  7177 | D:9      | Killed Maurice
  7388 | D:9      | Noticed Psyche
  7404 | D:9      | Killed Psyche
  7488 | D:9      | Found a staircase to the Orcish Mines.
  7612 | D:9      | Found a staircase to the Lair.
  7638 | D:9      | Reached ***** piety under Wu Jian
  8240 | D:10     | Entered Level 10 of the Dungeon
  8240 | D:10     | Noticed Amaemon
  8263 | Lair:1   | Entered Level 1 of the Lair of Beasts
  8389 | Lair:1   | Reached skill level 10 in Long Blades
  8396 | Lair:1   | Noticed Gastronok
  8413 | Lair:1   | Killed Gastronok
  8414 | Lair:1   | Reached XP level 12. HP: 41/63 MP: 22/22
  9318 | Lair:2   | Reached skill level 5 in Dodging
  9561 | Lair:2   | Found a staircase to the Shoals.
  9923 | Lair:3   | Noticed a death yak
  9923 | Lair:3   | Noticed a death yak
  9924 | Lair:3   | Noticed a death yak
  9925 | Lair:3   | Noticed a death yak
  9925 | Lair:3   | Noticed a death yak
  9926 | Lair:3   | Noticed a boulder beetle
  9945 | Lair:3   | Killed a death yak
  9952 | Lair:3   | Killed a death yak
  9961 | Lair:3   | Killed a death yak
  9967 | Lair:3   | Reached skill level 11 in Armour
  9969 | Lair:3   | Killed a death yak
  9970 | Lair:3   | Killed a boulder beetle
  9971 | Lair:3   | Reached XP level 13. HP: 46/67 MP: 23/23
  9996 | Lair:3   | Found a frozen archway.
 10006 | IceCv    | Entered an ice cave
 10214 | IceCv    | Reached skill level 12 in Armour
 10284 | IceCv    | Noticed a reaper
 10289 | IceCv    | Killed a reaper
 10748 | Lair:3   | Found a staircase to the Snake Pit.
 10773 | Lair:3   | Reached skill level 13 in Armour
 11693 | Lair:4   | Slain by a death yak

Illustrated notes

Levels and vault maps discovered:
D:1:      dpeg_arrival_stone_temple_mockup, layout_basic
D:2:      layout_basic, minivault_4
D:3:      layout_basic, serial_shops, shop_coins
D:4:      layout_loops_ring, minmay_temple_entry_junction_2, serial_shops,
          nicolae_take_the_stairs
D:5:      layout_loops_ring, old_standard_altar
D:6:      layout_cave_pools, okawaru_ov_weapons_minmay,
          chequers_serial_rivers_large_a, minmay_misc_feat_hallway
D:7:      layout_loops_ring, uniq_maggie
D:8:      minmay_the_grid_plus_closed [minmay_the_grid_embedded,
          minmay_the_grid_doors, minmay_the_grid_tree, minmay_the_grid_plusring,
          minmay_the_grid_prize_big_room], layout_basic,
          chequers_ossuary_entry_cave
D:9:      layout_basic, nicolae_dithmenos_through_a_glass_darkly,
          david_lair_shrubbed, minmay_orc_entry_temple_large, uniq_maurice,
          uniq_psyche, uniq_grum
D:10:     nzn_winding_woodlands_small [nzn_winding_woodlands_5x15_zeroes,
          nzn_winding_woodlands_center_garden,
          nzn_winding_woodlands_5x15_cabin], layout_cave_pools,
          xom_confusion_cloud, grunt_decor_clamped, uniq_amaemon, uniq_lodul
Temple:   mainiacjoe_temple_bowtie_tessellation
Lair:1:   layout_chaotic_city, uniq_gastronok
Lair:2:   layout_loops_ring, minmay_shoals_entry_centaurs, grunt_megastairs_4
Lair:3:   layout_chaotic_city, minmay_snake_entry_spellcaster,
          portal_ice_cave_entry_pillars_2, infiniplex_staircase_pool
Lair:4:   beast_lair_carwin_large_3, layout_loops_ring, uniq_sonja

Skill      XL: |  1  2  3  4  5  6  7  8  9 10 11 12 13 |
---------------+----------------------------------------+-----
Long Blades    | 2 3 4 5 10 11 12 | 12.8
Armour         | 2 3 4 6 8 10 11 13 | 13.0
Fighting       | 3 7 |  7.2
Spellcasting   | 4 6 |  6.4
Dodging        | 6 |  6.0
Throwing       | |  0.8
Translocations | |  3.0

Action                     |  1- 3 |  4- 6 |  7- 9 | 10-12 | 13-15 || total
---------------------------+-------+-------+-------+-------+-------++-------
  Melee: Falchion          |   106 |    20 |   160 |   903 |    46 ||  1235
         Bite              |    20 |    20 |   107 |   351 |   104 ||   602
         Punch             |     1 |     1 |     4 |     9 |     1 ||    16
         Spear             |       |    82 |   157 |       |       ||   239
         Great sword       |       |       |       |       |   192 ||   192
         Dagger            |       |       |       |       |    10 ||    10
  Throw: Dart              |       |       |       |       |     1 ||     1
 Invoke: Heavenly Storm    |       |       |       |     2 |       ||     2
         Serpent's Lash    |       |       |       |       |     1 ||     1
Ability: Whirlwind         |       |       |    14 |   144 |    24 ||   182
         Lunge             |       |       |    10 |    20 |    18 ||    48
         Wall Jump         |       |       |       |     1 |       ||     1
  Evoke: Wand              |       |       |       |     1 |     1 ||     2
         Box of beasts     |       |       |       |       |     1 ||     1
    Use: Scroll            |       |       |     6 |     8 |     4 ||    18
   Stab: Distracted        |       |       |     1 |     1 |     4 ||     6
         Paralysed         |       |       |       |     6 |       ||     6
 Armour: Leather armour    |    36 |       |       |       |       ||    36
         Chain mail        |     8 |    72 |   311 |   787 |    43 ||  1221
         Ice dragon scales |       |       |       |       |    81 ||    81
  Dodge: Dodged            |    62 |    37 |   118 |   379 |   115 ||   711

Table legend: (Time is in decaauts)
 A = Elapsed time spent in this place.
 B = Non-inter-level travel time spent in this place.
 C = Inter-level travel time spent in this place.
 D = Time resting spent in this place.
 E = Time spent auto-exploring this place.
 F = Levels seen in this place.
 G = Mean time per level.
                   A        B        C        D        E       F      G
               +--------+--------+--------+--------+--------+-----+--------+
         Total |  11735 |  11362 |    373 |    497 |   7755 |  17 |  690.3 |
       Dungeon |   7884 |   7592 |    292 |    401 |   5259 |  10 |  788.4 |
        Temple |    231 |    201 |     30 |      0 |    186 |   1 |  231.0 |
          Lair |   2774 |   2723 |     51 |      0 |   1975 |   4 |  693.5 |
       Ossuary |    232 |    232 |      0 |      0 |     93 |   1 |  232.0 |
      Ice Cave |    612 |    612 |      0 |     96 |    241 |   1 |  612.0 |
               +--------+--------+--------+--------+--------+-----+--------+

Top non-repeatable levels by time:
     D:8: 1625 daAuts
     D:9: 1388 daAuts
  Lair:3: 958 daAuts
  Lair:1: 834 daAuts
     D:3: 785 daAuts
  Lair:2: 774 daAuts
     D:7: 765 daAuts
     D:2: 702 daAuts
     D:1: 693 daAuts
     D:5: 684 daAuts
     D:6: 661 daAuts
   IceCv: 612 daAuts
     D:4: 576 daAuts
 Ossuary: 232 daAuts
  Temple: 231 daAuts
